 Dungeon Crawl Stone Soup version 0.29.1-1-gd02db6906a (webtiles) character file.

Game seed: 7783814182035227515

62 MisterFreud the Twirler (level 4, 0/33 HPs)
             Began as a Formicid Gladiator on Oct 22, 2022.
             Slain by an iguana (8 damage)
             ... on level 4 of the Dungeon.
             The game lasted 00:01:24 (1473 turns).

MisterFreud the Twirler (Formicid Gladiator)        Turns: 1473, Time: 00:01:25

Health: 0/33       AC:  3    Str: 20    XL:     4   Next: 28%
Magic:  4/4        EV: 12    Int:  8    God:
Gold:   82         SH:  0    Dex: 15    Spells: 3/3 levels left

rFire   . . .      SeeInvis +   a - +0 quarterstaff
rCold   . . .      Faith    .   (no shield)
rNeg    . . .      Spirit   .   b - +0 leather armour
rPois   +          Reflect  .   (helmet unavailable)
rElec   .          Harm     .   (no cloak)
rCorr   .          Rampage  .   (no gloves)
Will    .....                   (no boots)
Stlth   +.........              (no amulet)
HPRegen 0.11/turn               i - ring of poison resistance
MPRegen 0.09/turn               (no ring)

@: no status effects
A: permanent stasis, dig shafts and tunnels, antennae 3, four strong arms
a: Dig, Shaft Self


You were on level 4 of the Dungeon.
You visited 1 branch of the dungeon, and saw 3 of its levels.

You collected 82 gold pieces.

Inventory:

Hand Weapons
 a - a +0 quarterstaff (weapon)
Missiles
 c - 3 throwing nets (quivered)
 d - a javelin
Armour
 b - a +0 leather armour (worn)
Jewellery
 i - a ring of poison resistance (left hand)
Scrolls
 h - 2 scrolls of blinking {unknown}
 m - 2 scrolls of noise {unknown}
 n - a scroll of brand weapon {unknown}
 o - a scroll of silence {unknown}
Potions
 e - a potion of magic
 f - a potion of brilliance {unknown}
 g - a potion of invisibility {unknown}
 j - 3 potions of curing {unknown}
 k - 3 potions of mutation {unknown}
 l - a potion of might {unknown}


   Skills:
 - Level 2.1 Fighting
 + Level 4.8 Staves
 - Level 2.0 Throwing
 - Level 2.6 Dodging


You had 3 spell levels left.
You didn't know any spells.
Your spell library contained the following spells:

 Spells                   Type           Power      Damage    Failure   Level
 Apportation              Tloc           0%         N/A       45%         1
 Magic Dart               Conj           0%         1d3       45%         1
 Sting                    Tmut/Pois      0%         1d3       45%         1


Dungeon Overview and Level Annotations

Branches:
Dungeon (2/15)

Altars:

Annotations:
D:2 Robin


Innate Abilities, Weirdness & Mutations

You cannot be hasted, slowed, berserked, paralysed or teleported.
You can dig through walls and to a lower floor.
You have a pair of large antennae on your head. (SInv)
Your four strong arms can wield two-handed weapons with a shield.


Message History

The orc hits you but does no damage.
You thump the orc!
You kill the orc!
The orc hits you but does no damage.
You hit the orc.
The orc is heavily wounded.
The orc barely misses you. The orc hits you but does no damage.
You hit the orc.
You kill the orc!
The orc hits you with a +0 dagger of venom.
You closely miss the orc. The orc hits you but does no damage.
You thump the orc!
You kill the orc!
No target in view!
No target in view!
No target in view!
You see here a +0 dagger of venom.
Found a stone staircase leading down.
An iguana comes into view.
An iguana is nearby!
The iguana hisses angrily.
The iguana bites you!
You hit the iguana.
The iguana is lightly wounded.
The iguana bites you. x2
You closely miss the iguana.
The iguana is lightly wounded.
The iguana closely misses you.
You are too injured to fight recklessly!
You barely miss the iguana.
The iguana is lightly wounded.
The iguana bites you.
* * * LOW HITPOINT WARNING * * *
You sock the iguana!
The iguana is heavily wounded.
The iguana closely misses you.
You hit the iguana.
The iguana is severely wounded.
The iguana bites you!
You die...

#####..# ##.##
## #..# ..
...####..###....
................
##......#......
####..#####...
##..# .. #..@#
#....l.#
.........#
.......#..
...#### ... ###
#..# ... #..#


You could see an iguana.

Vanquished Creatures
  A gnoll (D:1)
  An adder (D:2)
  2 dart slugs (D:1)
  4 orcs (D:4)
  2 bats
  An endoplasm (D:2)
  A giant cockroach (D:1)
  5 goblins (D:2)
  5 hobgoblins (D:2)
  A kobold (D:1)
  A quokka (D:2)
  3 ball pythons
  4 frilled lizards
  6 rats
37 creatures vanquished.

Notes
Turn   | Place    | Note
-------+----------+-------------------------------------------
     0 | D:1      | MisterFreud the Formicid Gladiator began the quest for the
                  | Orb.
     0 | D:1      | Reached XP level 1. HP: 16/16 MP: 1/1
   215 | D:1      | Reached XP level 2. HP: 22/22 MP: 2/2
   259 | D:1      | Reached skill level 4 in Staves
   259 | D:1      | Reached XP level 3. HP: 24/27 MP: 3/3
   441 | D:1      | Got Wuidd's Introduction to Casting
  1125 | D:2      | Reached XP level 4. HP: 28/33 MP: 4/4
  1201 | D:2      | Noticed Robin
  1211 | D:2      | You fall into a shaft and drop 2 floors!
  1473 | D:4      | Slain by an iguana

Illustrated notes

Levels and vault maps discovered:
D:1:      sevenhm_arrival_forest_fort_large_2, layout_rooms
D:2:      layout_basic, minivault_14, minmay_heptomino_o4, uniq_robin
D:4:      layout_cave_pods, temple_doors_e, kennysheep_diamond, hex_medium

Skill      XL: |  1  2 |
---------------+-------+-----
Staves         | 4 |  4.8
Fighting       | |  2.1
Throwing       | |  2.0
Dodging        | |  2.6

Action                   |  1- 3 |  4- 6 || total
-------------------------+-------+-------++-------
Melee: Quarterstaff      |    61 |    24 ||    85
       Punch             |     1 |       ||     1
 Abil: Shaft Self        |       |     1 ||     1
  Use: Scroll            |     1 |       ||     1
Armor: Leather armour    |    21 |     7 ||    28
Dodge: Dodged            |    40 |    16 ||    56
